[Event "*** Titled Tuesday Blitz"]
[Site "Chess.com"]
[Date "2021.02.02"]
[Round "2"]
[White "fabianvivasz"]
[Black "DrCeltic"]
[Result "0-1"]
[WhiteElo "2291"]
[BlackElo "2482"]
[TimeControl "180+1"]
[EndTime "10:20:29 PST"]
[Termination "DrCeltic won on time"]

1. e4 c5 2. Nf3 e6 3. d4 cxd4 4. Nxd4 Nf6 5. Nc3 d6 6. g4 a6 7.
g5 Nfd7 8. h4 b5 9. a3 Bb7 10.
Rg1 Nc6 11. h5 Nxd4 12. Qxd4 Ne5 13. Be2 Nc6 14. Qe3 b4 15. axb4 Nxb4 16. Bd3 Be7 17. g6 O-O 18. gxh7+ Kh8 19. h6 g6 20. Qd4+ e5 21.
Qxb4 Rb8 22. Qa4 f5 23. exf5 gxf5 24. Be3 Bf3 25. Bc4 d5 26. Bb3 Kxh7 27. Qxa6 Rf6 28. Qf1 d4 29. Qh3 Bg4 30. Rxg4 fxg4 31. Qxg4 Rg6 32.
Qf5 Qf8 33. Qxf8 Rxf8 34. O-O-O dxe3 35. fxe3 Bg5 36. Nd5 Kxh6 37. c4 Rb8 38. Bc2 Ra6 39.
Rh1+ Kg7 40. Rh7+ Kg8 41. Rh5 Bd8 42. Bh7+ Kf8 43. Be4 Ra1+ 44. Kc2 Rf1 45. Rh8+ Kg7 46. Rh7+ Kg8 47. Rh2 Rg1 48. b4 Rg4 49. Kd3 Ra8 0-1

[Event "*** Titled Tuesday Blitz"]
[Site "Chess.com"]
[Date "2021.02.02"]
[Round "2"]
[White "mishanick"]
[Black "Philosopherrr"]
[Result "1-0"]
[WhiteElo "2880"]
[BlackElo "2561"]
[TimeControl "180+1"]
[EndTime "10:20:31 PST"]
[Termination "mishanick won by resignation"]

1. e4 e5 2. Nf3 Nc6 3. Bb5 a6 4. Ba4 Nf6 5. O-O Be7 6. Re1 b5 7. Bb3 d6 8. c3 O-O 9. d4 Bg4 10. Be3 Bh5 11. Nbd2 exd4 12. cxd4 Na5 13. Bc2 c5 14.
dxc5 dxc5 15. h3 Qc7 16. Rc1 Rad8 17. Qe2 Rfe8 18. Bg5 Nc6 19. Qe3 Bg6 20. Bb1 c4 21. Bf4 Qa5 22. a3 Bf8 23. Bg3 Nd5 24. Qg5 h6 25.
Qg4 Nf6 26. Qf4 Nh5 27. Qc7 Nxg3 28. Qxc6 Nh5 29. Nf1 Nf4 30. e5 Nd3 31. Bxd3 Bxd3 32. Ng3 Re6 33. Qb7 Qb6 34. Qxb6 Rxb6 35. Ne4 Re6 36. Re3 f5 37. Nc3 Bc5 38. Ree1 g5 39. Rcd1 g4 40. hxg4 fxg4 41. Nh4 Rf8 42. Rd2 Rxf2 43.
Rxf2 g3 44. Nd1 gxf2+ 45. Nxf2 Re8 46. Nf3 Rf8 47. e6 Kg7 48. Re5 Bd6 49. Rd5 Bg3 50. Nxd3 cxd3 51. Rxd3 Rc8 52. Kf1 Rc6 53. Nd4 Rc1+ 54.
Ke2 Bb8 55. e7 Re1+ 56. Kxe1 1-0

[Event "*** Titled Tuesday Blitz"]
[Site "Chess.com"]
[Date "2021.02.02"]
[Round "2"]
[White "OK97"]
[Black "Grieve72"]
[Result "1-0"]
[WhiteElo "2785"]
[BlackElo "2512"]
[TimeControl "180+1"]
[EndTime "10:20:31 PST"]
[Termination "OK97 won by checkmate"]

1. d4 f5 2. Bf4 Nf6 3. e3 e6 4. Be2 b6 5. Bf3 Nc6 6. h3 Bb7 7. c3 Be7 8. Nd2 O-O 9. Ne2 d6 10. Qa4 Qe8 11. Bh2 Ne5 12. Qxe8 Nxf3+ 13. Nxf3 Raxe8 14.
Nf4 Bd8 15. Ng5 Bc8 16. O-O-O e5 17. dxe5 dxe5 18. Rxd8 Rxd8 19. Nfe6 Bxe6 20. Nxe6 Rde8 21. Nxf8 Kxf8 22. Rd1 Ne4 23. f3 Nd6 24. Rd5 e4 25.
Bxd6+ cxd6 26. Rxf5+ Ke7 27. fxe4 g6 28. Rf4 Ke6 29.
Kd2 a5 30. Kd3 Rc8 31. b3 b5 32. a3 a4 33. bxa4 bxa4 34. e5 dxe5 35. Rxa4 Rd8+ 36.
Kc2 Rf8 37. Ra6+ Kd5 38. Kd3 Rf2 39. e4+ Kc5 40. Re6 Rxg2 41. Rxe5+ Kd6 42. Rd5+ Ke6 43. a4 Rg3+ 44. Kc4 Rg1 45. a5 Ra1 46. Kb5 h5 47. a6 Kf6 48. Kb6 g5 49. a7 g4 50. hxg4 hxg4 51.
Ra5 Rb1+ 52. Ka6 g3 53. a8=Q g2 54. Rf5+ Ke6 55. Qd5+ Ke7 56. Rf7+ Ke8 57. Qd7# 1-0

[Event "*** Titled Tuesday Blitz"]
[Site "Chess.com"]
[Date "2021.02.02"]
[Round "2"]
[White "Deepweb2020"]
[Black "kingofthenil"]
[Result "0-1"]
[WhiteElo "2392"]
[BlackElo "2655"]
[TimeControl "180+1"]
[EndTime "10:20:32 PST"]
[Termination "kingofthenil won on time"]

1. d4 Nf6 2. c4 c5 3. Nf3 cxd4 4. Nxd4 e5 5. Nb5 d5 6. cxd5 Bc5 7. e3 O-O 8. N5c3 Nbd7 9. Be2 Nb6 10. e4 Ne8 11.
Be3 Bxe3 12. fxe3 Qg5 13. Bf3 Qxe3+ 14. Qe2 Qc5 15. Nd2 Nd6 16. Nb3 Qb4 17. O-O Bd7 18.
Bg4 Bb5 19. Nxb5 Nxb5 20. Rfd1 a5 21. Qd2 Qxe4 22. Bf3 Qh4 23. Nc5 Nc4 24. Qe2 Nd4 25. Qe4 Qxe4 26. Bxe4 Nd6 27. Bd3 Rac8 28. Rac1 Rfd8 29.
b3 g6 30. Na4 Rxc1 31. Rxc1 e4 32. Bf1 N6f5 33. Nb6 Ne3 34. Rc7 Nxd5 35. Nxd5 Rxd5 36. Bc4 Rf5 37. Rxb7 Kf8 38. Rb8+ Ke7 39. Rb7+ Ke8 40. Rb8+ Ke7 41. Rb7+ Kf8 42. Rb8+ Kg7 43. Re8 Rf4 44. g3 Rg4 45. Re7 h5 46. Rxf7+ Kh6 47. Re7 h4 48. Kg2 hxg3 49. hxg3 Nf5 50. Re5 Rxg3+ 51. Kf2 Rf3+ 52.
Ke2 Rf4 53. Bb5 Kg5 54. Bc4 a4 55. Bd5 Kf6 56. Re6+ Kg5 0-1

[Event "*** Titled Tuesday Blitz"]
[Site "Chess.com"]
[Date "2021.02.02"]
[Round "2"]
[White "IceBelka"]
[Black "MarcoRiehle"]
[Result "0-1"]
[WhiteElo "2338"]
[BlackElo "2688"]
[TimeControl "180+1"]
[EndTime "10:20:33 PST"]
[Termination "MarcoRiehle won by resignation"]

1. e4 e5 2. Nf3 Nf6 3. Nxe5 Nxe4 4.
Qe2 Qe7 5. Qxe4 d6 6. d4 dxe5 7.
dxe5 Nc6 8. Nc3 Qxe5 9. Qxe5+ Nxe5 10. Bf4 f6 11. O-O-O Bd7 12. Be2 O-O-O 13. Rhe1 Bc5 14.
Ne4 Bb6 15. Bg3 Bf5 16. Nc3 Ng4 17. Nd5 Rhe8 18. Nxb6+ axb6 19. Rxd8+ Rxd8 20. h3 Nh6 21. Bc4 c6 22. a4 Kd7 23. f3 Ra8 24. b3 Ra5 25. Bf4 Rc5 26. Be3 Re5 27. Rd1+ Ke8 28. Bxb6 Nf7 29. g4 Be6 30. Bd4 Bxc4 31. Bxe5 Nxe5 32.
bxc4 Nxc4 33. Re1+ Kd7 34. Re4 Ne5 35. f4 Nf7 36.
Kd2 Nd6 37. Rd4 c5 38. Rd3 Kc6 39. Re3 Nc4+ 40. Kd3 Nxe3 41. Kxe3 Kd5 42. Kd3 c4+ 43.
Ke3 g6 44. c3 f5 45. g5 Kc5 46. Kf3 Kd5 47. Ke3 Kc5 48. Kf3 Kb6 49. Ke3 Ka5 50. Kd4 Kxa4 51. Kxc4 Ka3 52. Kb5 Kb3 53. c4 b6 54. c5 bxc5 55. Kxc5 Kc3 56. Kd5 Kd3 57. Ke5 Ke3 58. h4 Kf3 59. Kf6 Kxf4 60. Kg7 Kg4 61.
Kxh7 Kh5 62. Kg7 f4 0-1

[Event "*** Titled Tuesday Blitz"]
[Site "Chess.com"]
[Date "2021.02.02"]
[Round "2"]
[White "Machidon"]
[Black "NodariousBIG"]
[Result "1-0"]
[WhiteElo "2533"]
[BlackElo "2760"]
[TimeControl "180+1"]
[EndTime "10:20:34 PST"]
[Termination "Machidon won by resignation"]

1. d4 e6 2. e4 d5 3. Nc3 Nf6 4. e5 Nfd7 5. Nce2 c5 6. c3 b5 7. a3 b4 8. axb4 cxb4 9. Nf3 bxc3 10. bxc3 Be7 11. Nf4 Qc7 12. Bd3 a5 13. O-O Ba6 14. Bxa6 Rxa6 15. Qd3 O-O 16. h4 Qc4 17. Qxc4 dxc4 18.
Ba3 Bxa3 19. Rxa3 Nb6 20. Nd2 Nc6 21. Ne4 Nd5 22. Nxd5 exd5 23. Nc5 Raa8 24. f4 Rfb8 25. f5 Rb2 26. f6 Re2 27. fxg7 Rb8 28. Rf3 Kxg7 29.
Rg3+ Kh6 30. Ra1 Reb2 31. Kh2 Rb1 32. Ra3 R8b2 33. Rf3 Kg7 34. e6 fxe6 35. Nxe6+ Kh6 36. Rf6+ Kh5 37. Kg3 Rxg2+ 38. Kxg2 Kxh4 39. Nf4 Kg5 40. Rxc6 Kxf4 41. Rxa5 Ke4 42. Re6+ Kd3 43. Rxd5 Kxc3 44. Rc6 Kd3 45. Rdc5 Rc1 46. d5 c3 47. d6 Ke4 48.
Rxc3 Rd1 49. R3c4+ Ke5 50. R4c5+ Ke6 51. Kf2 Rd3 52.
Ke2 Rd4 53. Ke3 Rd1 54. Rc1 Rxd6 55. Rxd6+ Kxd6 56. Rh1 h5 57. Rxh5 1-0

[Event "*** Titled Tuesday Blitz"]
[Site "Chess.com"]
[Date "2021.02.02"]
[Round "2"]
[White "manmanlai1"]
[Black "DFeco"]
[Result "1-0"]
[WhiteElo "2459"]
[BlackElo "2239"]
[TimeControl "180+1"]
[EndTime "10:20:34 PST"]
[Termination "manmanlai1 won by resignation"]

1. d4 d5 2. c4 c6 3. Nf3 Nf6 4. e3 Bf5 5. Nc3 a6 6. Be2 e6 7. O-O Nbd7 8. b3 Bd6 9. Bb2 O-O 10. Rc1 h6 11. Qd2 Bb4 12. Rfd1 Qa5 13. a3 Bd6 14.
Nxd5 Qxd2 15. Nxf6+ Nxf6 16. Nxd2 c5 17. f3 Bg6 18. Nb1 Rad8 19. e4 cxd4 20. Bxd4 e5 21.
Be3 Bc7 22. Rxd8 Rxd8 23. Nc3 Nd7 24. Nd5 Bd6 25. c5 Bf8 26. b4 Rc8 27. Rd1 Nb8 28. Nb6 Re8 29. Nd7 Nc6 30. Nxf8 Kxf8 31. Kf2 Rd8 32.
Rxd8+ Nxd8 33. a4 Ke7 34. b5 axb5 35. axb5 Kd7 36. g3 f6 37. Bc4 Bf7 38. Bd5 Bxd5 39. exd5 b6 40. c6+ Kc7 41. f4 e4 42. f5 Nf7 43.
Bf4+ Kc8 44. Ke3 Ng5 45. d6 Kd8 46. h4 Nf3 47. Kxe4 Ne1 48. Kd5 Nc2 49. Bc1 Nb4+ 50.
Kc4 Nc2 51. g4 Ne1 52. Kd5 Nd3 53. Be3 Nb4+ 54. Kc4 Nc2 55. Bxb6+ Kc8 56. Bc5 1-0

[Event "*** Titled Tuesday Blitz"]
[Site "Chess.com"]
[Date "2021.02.02"]
[Round "2"]
[White "RobertoJBM"]
[Black "konradrutkowski"]
[Result "1/2-1/2"]
[WhiteElo "2790"]
[BlackElo "2435"]
[TimeControl "180+1"]
[EndTime "10:20:36 PST"]
[Termination "Game drawn by repetition"]

1. d4 Nf6 2. Nf3 g6 3. e3 Bg7 4. Be2 O-O 5. O-O d6 6. c4 c5 7. d5 e6 8. Nc3 exd5 9. cxd5 Na6 10. Re1 Nc7 11. a4 Re8 12. Bc4 Bf5 13. Nd2 Ng4 14. Nf3 Nf6 15. h3 Ne4 16. Nxe4 Bxe4 17. a5 Qf6 18.
Nd2 Bxd5 19. Bxd5 Nxd5 20. Nc4 Nb4 21. e4 d5 22. Nd2 Nd3 23. Re2 Nxc1 24. Rxc1 b6 25.
axb6 axb6 26. exd5 Rxe2 27. Qxe2 Qxb2 28. Rb1 Qc2 29.
d6 Bc3 30. Rd1 Qf5 31. Ne4 Bd4 32. g4 Qf4 33. Kg2 Kg7 34. Rd3 Re8 35. f3 Rxe4 36.
Qxe4 Qxd6 37. f4 b5 38. f5 gxf5 39. gxf5 Kf6 40. Qh4+ Kg7 41. Rg3+ Kf8 42. Qxh7 Qd5+ 43. Kh2 Qa2+ 44. Rg2 Be5+ 45. Kh1 Qb1+ 46. Rg1 Qe4+ 47.
Rg2 Qe1+ 48. Rg1 Qe4+ 49. Rg2 Qe1+ 50. Rg1 Qe4+ 1/2-1/2

[Event "*** Titled Tuesday Blitz"]
[Site "Chess.com"]
[Date "2021.02.02"]
[Round "2"]
[White "Man-Chuk"]
[Black "chessdjw"]
[Result "1/2-1/2"]
[WhiteElo "2920"]
[BlackElo "2592"]
[TimeControl "180+1"]
[EndTime "10:20:37 PST"]
[Termination "Game drawn - insufficient material"]

1. c4 c5 2. Nc3 Nf6 3. g3 e6 4.
Nf3 d5 5. cxd5 exd5 6. d4 Nc6 7.
Bg2 cxd4 8. Nxd4 Bc5 9. Nb3 Bb6 10. O-O d4 11. Na4 O-O 12. Bg5 Re8 13. Nxb6 axb6 14. Bxc6 bxc6 15. Qxd4 Qxd4 16. Nxd4 c5 17. Nb5 Rxe2 18.
Rfe1 Rxe1+ 19. Rxe1 Bh3 20. Bxf6 gxf6 21. Nc3 b5 22. a3 b4 23. axb4 cxb4 24. Nd5 Ra2 25. Nxf6+ Kg7 26. Nh5+ Kh6 27. Nf4 Bf5 28. Re2 b3 29. h4 Bc2 30. Re7 Kg7 31. Ne2 Rxb2 32.
Nd4 Rb1+ 33. Kg2 Bg6 34. h5 b2 35. hxg6 Rg1+ 36. Kxg1 b1=Q+ 37. Kg2 hxg6 38. Re3 Qb7+ 39. Kg1 Qd5 40. Ne2 g5 41. g4 Qc4 42. f3 f6 43. Kf2 Kf7 44. Ng3 Qc5 45. Nf5 Qc2+ 46. Re2 Qc5+ 47. Kg2 Qb4 48. Re7+ Qxe7 49. Nxe7 Kxe7 50.
Kf2 Ke6 51. Ke2 Ke5 52. Ke3 f5 53. gxf5 Kxf5 54. Kf2 Kf4 55. Kg2 g4 56. fxg4 Kxg4 1/2-1/2

[Event "*** Titled Tuesday Blitz"]
[Site "Chess.com"]
[Date "2021.02.02"]
[Round "2"]
[White "GM_dmitrij"]
[Black "Volodar_Murzin"]
[Result "0-1"]
[WhiteElo "2889"]
[BlackElo "2589"]
[TimeControl "180+1"]
[EndTime "10:20:37 PST"]
[Termination "Volodar_Murzin won by resignation"]

1. e4 c5 2. Nf3 d6 3. d4 cxd4 4. Nxd4 Nf6 5. Nc3 a6 6. g3 e5 7.
Nf3 Nbd7 8. a4 Be7 9. Bg2 O-O 10. O-O b6 11. Nh4 g6 12. Bh6 Re8 13. h3 Bb7 14. Re1 Nc5 15. Bg5 Ne6 16. Bxf6 Bxf6 17. Nf3 Rc8 18. Re2 Nd4 19. Nxd4 exd4 20. Nd5 Bxd5 21.
exd5 Rxe2 22. Qxe2 d3 23. Qxd3 Bxb2 24. Rb1 Qf6 25.
Kh2 Bd4 26. f4 a5 27. c4 Re8 28. Rd1 Bc5 29. Qd2 Re7 30. Qc1 Bb4 31. Rd3 Re2 32. h4 Qf5 33. Rf3 Qe4 34. Qf1 Re1 35. Qd3 Qe7 36. Kh3 Bc5 37. f5 Re5 38. Kh2 g5 39. f6 Qd7 40. Bh3 g4 41. Qd2 gxf3 42. Bf1 Qg4 43. Qh6 Qg6 44. Qf4 Rf5 45. Qe4 Qxf6 46. Qe8+ Kg7 47. Qe4 Re5 48. Qg4+ Qg6 49. Qh3 Re3 50. h5 Qg5 51. Kh1 f2 52. Qg2 Qxh5+ 53. Qh2 Qxh2+ 54. Kxh2 Re1 55. Kg2 Rxf1 0-1

[Event "*** Titled Tuesday Blitz"]
[Site "Chess.com"]
[Date "2021.02.02"]
[Round "2"]
[White "Politov_Pavel"]
[Black "Vugar_Manafov"]
[Result "0-1"]
[WhiteElo "2406"]
[BlackElo "2661"]
[TimeControl "180+1"]
[EndTime "10:20:37 PST"]
[Termination "Vugar_Manafov won on time"]

1. e4 Nf6 2. e5 Nd5 3. d4 d6 4. c4 Nb6 5. exd6 cxd6 6. Be3 g6 7.
Nc3 Bg7 8. Rc1 O-O 9. Be2 d5 10. b3 Nc6 11. c5 Nd7 12. Nf3 Nf6 13. O-O Bg4 14. b4 a6 15. Rb1 Ne4 16. Na4 Qc7 17. h3 Bxf3 18. Bxf3 f5 19. Bxe4 fxe4 20. Nb6 Rad8 21. b5 axb5 22. Rxb5 e6 23. Qd2 Rf7 24. Rfb1 Rdf8 25. Na4 Ra8 26. Nc3 Na5 27. Qe2 Nc4 28. Rxb7 Qxb7 29. Rxb7 Rxb7 30. Kh2 Rb2 31. Qg4 Ra6 32.
Na4 Rb8 33. Nb6 Nxb6 34. Qxe6+ Kh8 35. cxb6 Raxb6 36. Qxd5 Re8 37. a4 Ra6 38. a5 Rea8 39.
Qxe4 Rxa5 40. d5 R5a6 41. Bd4 h5 42. Be3 Rd8 43. Bf4 Rf6 44. d6 Rdf8 45. g3 Rd8 46. Bg5 Rxf2+ 0-1

[Event "*** Titled Tuesday Blitz"]
[Site "Chess.com"]
[Date "2021.02.02"]
[Round "2"]
[White "MattyDPerrine"]
[Black "PawnEatingZombie"]
[Result "1-0"]
[WhiteElo "2455"]
[BlackElo "2238"]
[TimeControl "180+1"]
[EndTime "10:20:37 PST"]
[Termination "MattyDPerrine won on time"]

1. e4 c6 2. Nc3 d5 3. Nf3 Bg4 4. h3 Bh5 5. exd5 cxd5 6. g4 Bg6 7. Ne5 Nc6 8. d4 e6 9. h4 f6 10. Nxg6 hxg6 11. Bd3 Kf7 12. Be3 Bd6 13. Nb5 Nge7 14.
Nxd6+ Qxd6 15. c3 a6 16. Qe2 b5 17. Kf1 b4 18. Rc1 bxc3 19. Rxc3 Nb4 20. Bb1 Rhc8 21. h5 Rxc3 22. bxc3 Nbc6 23. hxg6+ Nxg6 24. g5 f5 25. Rh7 Nce7 26. Qh5 Rg8 27. Bd3 Qa3 28. Bd2 Qxa2 29. Qe2 Rh8 30. Rxh8 Nxh8 31. Qh5+ Nhg6 32. Qe2 Qa1+ 33. Be1 Qa3 34. Bd2 Nc6 35. Kg2 Na5 36.
c4 Nxc4 37. Bxc4 dxc4 38. Qxc4 Qd6 39. Bc3 Qd5+ 40. Qxd5 exd5 41. Kf3 Ne7 42. Kf4 Ke6 43. Ke3 g6 44. Kd3 Kd6 45. f4 Kc6 46. Bb4 Nc8 47.
Ba3 Nd6 48. Bc1 Ne4 49. Be3 Kb5 50. Kc2 Kc4 51. Bg1 a5 52. Kb2 a4 53. Ka3 Kb5 54. Be3 Nc3 55. Bg1 Ne2 56. Be3 Ng3 57.
Bc1 Nf1 58. Kb2 1-0

[Event "*** Titled Tuesday Blitz"]
[Site "Chess.com"]
[Date "2021.02.02"]
[Round "2"]
[White "OhanyanEminChess"]
[Black "A-S-00"]
[Result "1-0"]
[WhiteElo "2646"]
[BlackElo "2334"]
[TimeControl "180+1"]
[EndTime "10:20:38 PST"]
[Termination "OhanyanEminChess won on time"]

1. e4 c5 2. Nf3 Nc6 3. Nc3 e6 4. d4 cxd4 5. Nxd4 Nf6 6. Ndb5 Bb4 7. a3 Bxc3+ 8. Nxc3 d5 9. exd5 exd5 10. Bd3 O-O 11.
O-O Bg4 12. Qd2 h6 13. Qf4 Re8 14. Qg3 Ne5 15. Bf4 Nh5 16. Bxe5 Nxg3 17. Bxg3 Be6 18.
Nb5 Rf8 19. Nc7 Rc8 20. Nxe6 fxe6 21. Rfe1 Qe7 22. Re2 Qf7 23. Rae1 Rc6 24. Be5 a6 25. f4 b5 26. Re3 Qd7 27. Rg3 Rf7 28. Rg6 Rc8 29. Re3 d4 30. Rh3 Kf8 31. Rhg3 a5 32.
h4 b4 33. axb4 axb4 34. Kh2 Ra8 35. Bc4 Re7 36. f5 exf5 37. Rxh6 Rxe5 38. Rh8+ Ke7 39.
Rxa8 Qc6 40. Rxg7+ Kf6 41. Rf7+ Kg6 42. Rg8+ Kh6 43.
Bd3 Re6 44. Rxf5 Qd6+ 45. Kh3 Re1 46. Rgg5 1-0

[Event "*** Titled Tuesday Blitz"]
[Site "Chess.com"]
[Date "2021.02.02"]
[Round "2"]
[White "oneshot007"]
[Black "Forantes"]
[Result "0-1"]
[WhiteElo "2451"]
[BlackElo "2272"]
[TimeControl "180+1"]
[EndTime "10:20:39 PST"]
[Termination "Forantes won by resignation"]

1. e4 c5 2. Nf3 Nc6 3. d4 cxd4 4. Nxd4 e5 5. Nb5 a6 6. Nd6+ Bxd6 7. Qxd6 Qf6 8. Qd1 Qg6 9. Nc3 d5 10. Nxd5 Qxe4+ 11. Be3 Nd4 12. Nc7+ Ke7 13. Rc1 Bg4 14. Qd3 Qxd3 15.
Bxd3 Rc8 16. Nd5+ Ke6 17. Nc3 Bf5 18. Ne4 Bxe4 19. Bxe4 f5 20. Bxb7 Rxc2 21. Rxc2 Nxc2+ 22. Kd2 Nxe3 23. Kxe3 a5 24. Rc1 Ne7 25. b3 Rb8 26.
Ba6 Nd5+ 27. Kd2 Nb4 28. Bc4+ Kf6 29. a3 Rd8+ 30. Ke2 Nc6 31. g3 Nd4+ 32. Ke3 Rb8 33. Rc3 g5 34. Kd2 e4 35. Kc1 Ke5 36. Kb2 a4 37. b4 Rd8 38. Ba2 Nf3 39. Rc5+ Kf6 40. Rc2 Nxh2 41. Bc4 Nf3 42. Bb5 Nd4 43. Rd2 Ke5 44.
Bxa4 h5 45. Bd1 h4 46. a4 h3 47. a5 h2 48. f4+ gxf4 49. Rxh2 f3 50. Rd2 e3 51.
Bxf3 exd2 52. a6 Nxf3 53. a7 d1=Q 0-1

[Event "*** Titled Tuesday Blitz"]
[Site "Chess.com"]
[Date "2021.02.02"]
[Round "2"]
[White "scabies1"]
[Black "Kovalchuk94"]
[Result "0-1"]
[WhiteElo "2336"]
[BlackElo "2637"]
[TimeControl "180+1"]
[EndTime "10:20:40 PST"]
[Termination "Kovalchuk94 won on time"]

1. e4 e5 2. Nf3 d5 3. Nxe5 Bd6 4. d4 dxe4 5. Nc4 Nf6 6. Nc3 O-O 7. Be2 Nc6 8. Be3 Bb4 9. O-O Be6 10. a3 Be7 11. Ne5 Nxe5 12. dxe5 Nd5 13. Nxd5 Qxd5 14. Qxd5 Bxd5 15.
Rad1 Rfd8 16. Rd2 Bc6 17. Rfd1 Rxd2 18. Rxd2 b6 19. Kf1 Kf8 20. Ke1 Re8 21. Bg4 Rb8 22. Bf4 Rd8 23. e6 Rxd2 24. Kxd2 fxe6 25. Bxc7 e3+ 26.
fxe3 Bxg2 27. Bxe6 Bb7 28. Bb8 a6 29. Bc7 b5 30. Kd3 Bf6 31. b3 Ke7 32. Bf5 g6 33.
Be4 Bc8 34. Bc6 Bb2 35. a4 bxa4 36. bxa4 g5 37. c3 h5 38. Bb6 Ba3 39. Bd4 Bd6 40. Ke4 Bxh2 41. Kf3 Bd6 42. e4 g4+ 43. Kg2 Bf4 44. e5 h4 45. Bd5 h3+ 46. Kh1 g3 47.
Bc5+ Ke8 48. e6 Bg5 49. Bc6+ Kd8 50. Bd6 g2+ 0-1

[Event "*** Titled Tuesday Blitz"]
[Site "Chess.com"]
[Date "2021.02.02"]
[Round "2"]
[White "Taabling"]
[Black "AliKa2810"]
[Result "0-1"]
[WhiteElo "2325"]
[BlackElo "2591"]
[TimeControl "180+1"]
[EndTime "10:20:40 PST"]
[Termination "AliKa2810 won on time"]

1. e4 c6 2. d3 d5 3. Nd2 e5 4. Ngf3 Bd6 5. g3 Nf6 6. Bg2 O-O 7. O-O Re8 8. Re1 Nbd7 9. b3 Nf8 10. Bb2 Ng6 11.
h3 a5 12. a3 Qb6 13. Re2 Bd7 14. Kh2 Rad8 15. Qe1 Qc7 16. Rd1 Bc8 17. Nf1 d4 18.
b4 axb4 19. axb4 Qe7 20. b5 cxb5 21. Rb1 Bd7 22. N1d2 Ra8 23. Nb3 Bc6 24. Bc1 Ra2 25. Qd1 Rea8 26. Ne1 h6 27. Bd2 Nd7 28. Ra1 Nc5 29.
Rxa2 Rxa2 30. Qb1 Ra8 31. h4 Na4 32. Bh3 Nc3 33. Bxc3 dxc3 34. Nf3 Qf6 35. Kg2 b4 36. Re1 Nf8 37. Re3 Ne6 38. Nh2 Nd4 39. Nxd4 exd4 40.
Rf3 Qe7 41. h5 Ra3 42. Ng4 f5 43. Rxf5 Bxe4+ 44. dxe4 Qxe4+ 45. Rf3 b3 46. Qc1 b2 47.
Nxh6+ Kh7 48. Qg5 b1=Q 49. Bf5+ Kh8 50. Bxe4 Ra1 51. Nf7+ Kg8 52. Qd8+ Bf8 0-1

[Event "*** Titled Tuesday Blitz"]
[Site "Chess.com"]
[Date "2021.02.02"]
[Round "2"]
[White "MaxLeto"]
[Black "CSB7"]
[Result "1-0"]
[WhiteElo "2344"]
[BlackElo "2587"]
[TimeControl "180+1"]
[EndTime "10:20:42 PST"]
[Termination "MaxLeto won by resignation"]

1. g4 d5 2. Bg2 Bxg4 3. c4 c6 4.
Qb3 Nf6 5. Qxb7 Nbd7 6. d3 Rc8 7. Qxa7 e6 8. Be3 Ra8 9. Qb7 Rb8 10. Qxc6 Rxb2 11.
Nf3 Bb4+ 12. Nbd2 Bxf3 13. Bxf3 O-O 14. a3 Ne5 15. Qa4 Bc3 16. Rd1 dxc4 17. O-O Bxd2 18. Rxd2 Rxd2 19. Bxd2 Nxf3+ 20. exf3 Qxd3 21. Be3 Nd5 22. Qd1 Qxa3 23. Qd4 c3 24. Kh1 Qe7 25. Rg1 Qf6 26.
Qxf6 Nxf6 27. Bd4 Rc8 28. Bxf6 c2 29. Bg5 f6 30. Be3 e5 31. Kg2 Kf7 32. Rc1 g5 33. Kf1 h6 34. Ke2 f5 35. Kd3 Ke6 36. Rxc2 Rd8+ 37.
Ke2 f4 38. Bc5 Kf5 39. Bb4 h5 40. Rc5 Re8 41. Rc7 g4 42. Bc3 e4 43. fxg4+ hxg4 44. Rc5+ Kg6 45. Bd2 f3+ 46. Ke3 Rh8 47. Kxe4 Rxh2 48.
Be3 Rg2 49. Kf4 g3 50. Rg5+ Kf7 51. Rxg3 Rh2 52. Rxf3 Rh5 53. Kg4+ Kg6 54. Rf6+ Kxf6 55. Kxh5 1-0

[Event "*** Titled Tuesday Blitz"]
[Site "Chess.com"]
[Date "2021.02.02"]
[Round "2"]
[White "Michaelson_11"]
[Black "GM_LOADING"]
[Result "1-0"]
[WhiteElo "2266"]
[BlackElo "2446"]
[TimeControl "180+1"]
[EndTime "10:20:42 PST"]
[Termination "Michaelson_11 won by resignation"]

1. e4 e5 2. Nf3 Nc6 3. Nc3 Nf6 4. Be2 d6 5. d4 Bg4 6. d5 Ne7 7. O-O Ng6 8. Be3 Be7 9. h3 Bxf3 10. Bxf3 O-O 11.
g3 Nd7 12. Qd3 Bg5 13. Bg2 Bxe3 14. fxe3 Nc5 15. Qe2 a5 16. Rf3 a4 17. Raf1 Ra6 18.
Qf2 Qe7 19. h4 Rb6 20. h5 Nh8 21. b3 h6 22. Rf5 f6 23. Qe2 Nf7 24. bxa4 Ra8 25.
Qc4 Ng5 26. Rd1 Qd7 27. Rff1 Nxa4 28. Nxa4 Rxa4 29. Qd3 Qb5 30. Rb1 Qxd3 31. cxd3 Rxa2 32. Rxb6 cxb6 33. Rb1 Rd2 34. Rxb6 Rxd3 35. Rxb7 Rxe3 36. Kf2 Rd3 37. Rb8+ Kh7 38. Rb6 Rd2+ 39. Kf1 Rd4 40. Rxd6 Nxe4 41. Bxe4+ Rxe4 42. Rd7 Rd4 43. Kf2 Kg8 44.
Kf3 Kf8 45. d6 Rd3+ 46. Ke4 Rxg3 47. Kf5 Rg5+ 48. Ke6 Kg8 49. Re7 e4 50. d7 Re5+ 51. Kd6 1-0

[Event "*** Titled Tuesday Blitz"]
[Site "Chess.com"]
[Date "2021.02.02"]
[Round "2"]
[White "Firegrizzly"]
[Black "PSvidler"]
[Result "1/2-1/2"]
[WhiteElo "2581"]
[BlackElo "2898"]
[TimeControl "180+1"]
[EndTime "10:20:43 PST"]
[Termination "Game drawn by repetition"]

1. Nf3 g6 2. e4 Nf6 3. Nc3 Nh5 4. d4 d6 5. h3 Bg7 6. Be3 Nc6 7. Be2 Nf6 8. O-O O-O 9. Qd2 e5 10. dxe5 Nxe5 11. Nxe5 dxe5 12. Qxd8 Rxd8 13. Rfd1 Be6 14. a4 a6 15. g4 Bf8 16. g5 Ne8 17. h4 h5 18. Rxd8 Rxd8 19. Rd1 Rxd1+ 20. Bxd1 Bb4 21. Nd5 Bxd5 22. exd5 Nd6 23. b3 Nf5 24. c4 b6 25.
Bc2 Nxh4 26. Be4 Nf5 27. Bxf5 gxf5 28. Kg2 Kg7 29. f4 e4 30. Kg3 Kg6 31. Bd4 Bc5 32.
Be5 e3 33. Bc3 e2 34. Be1 Bd6 35. Kf3 f6 36. gxf6 Kxf6 37. Bg3 Kg6 38. Kxe2 h4 39.
Bxh4 Kh5 40. Bg5 Kg4 41. Ke3 Bc5+ 42. Kd3 Kf3 43. Kc3 a5 44. Kd3 Bd6 45. Kd4 Bxf4 46.
Bxf4 Kxf4 47. b4 axb4 48. c5 bxc5+ 49. Kc4 Ke5 50. a5 f4 51. a6 f3 52. Kd3 f2 53.
Ke2 f1=Q+ 54. Kxf1 b3 55. a7 b2 56. a8=Q b1=Q+ 57. Ke2 Qe4+ 58. Kf2 Qxd5 59. Qh8+ Ke4 60. Qh1+ Kd4 61.
Qa1+ Ke4 62. Qh1+ Ke5 63. Qh8+ Ke4 64. Qh1+ 1/2-1/2

[Event "*** Titled Tuesday Blitz"]
[Site "Chess.com"]
[Date "2021.02.02"]
[Round "2"]
[White "bocah_sakit"]
[Black "AttilaTurzo"]
[Result "0-1"]
[WhiteElo "2811"]
[BlackElo "2540"]
[TimeControl "180+1"]
[EndTime "10:20:47 PST"]
[Termination "AttilaTurzo won by resignation"]

1. e4 e5 2. Nf3 Nc6 3. Bb5 g6 4. d4 exd4 5. Bxc6 dxc6 6. Qxd4 Qxd4 7. Nxd4 Bg7 8. Be3 Bd7 9. Nc3 Ne7 10. Rd1 O-O-O 11.
f3 f5 12. O-O c5 13. Ndb5 a6 14. Na7+ Kb8 15. Bxc5 Rhe8 16. Rd2 Nc6 17. Nxc6+ Bxc6 18. Rxd8+ Rxd8 19. exf5 gxf5 20. Rd1 Rxd1+ 21. Nxd1 h5 22. Kf2 Kc8 23. Kg3 Be5+ 24. Kh4 Bxh2 25. Kxh5 Kd7 26. Kg5 Ke6 27. Be3 Be5 28. Kh4 f4 29.
Bd2 Kf5 30. Bc3 Bd6 31. Nf2 Bb5 32. Kh3 Bf1 33. Ne4 Be7 34. Bd2 b6 35. Kh2 Bc4 36.
b3 Bd5 37. Nf2 c5 38. c4 Bc6 39. Nd3 Bd6 40. Kg1 b5 41. Be1 bxc4 42. bxc4 Bd7 43.
Bc3 Be6 44. Nb2 Be5 45. Bxe5 Kxe5 46. Kf2 Kd4 47. g3 fxg3+ 48. Kxg3 Kc3 49. Na4+ Kxc4 50.
Kf4 Kb4 51. Nb6 Bxa2 52. Ke3 Be6 53. f4 c4 54. f5 Bxf5 55. Nd5+ Kb3 56. Kd2 a5 57. Nc3 a4 58. Nb5 Bd3 59. Nc3 a3 60. Nd1 a2 0-1

[Event "*** Titled Tuesday Blitz"]
[Site "Chess.com"]
[Date "2021.02.02"]
[Round "2"]
[White "Grineva_Marianna"]
[Black "MasterLeif"]
[Result "1-0"]
[WhiteElo "2261"]
[BlackElo "2443"]
[TimeControl "180+1"]
[EndTime "10:20:47 PST"]
[Termination "Grineva_Marianna won by checkmate"]

1. e4 e5 2. Nf3 Nc6 3. Bb5 Nd4 4. Nxd4 exd4 5. O-O c6 6. Be2 d5 7. exd5 Qxd5 8. Bf3 Qd6 9. Re1+ Be6 10. d3 Nf6 11. Nd2 Be7 12. Ne4 Nxe4 13. Rxe4 O-O-O 14. Bf4 Qd7 15. Bg3 Bf5 16. Re5 Bd6 17. Rxf5 Bxg3 18. hxg3 Kb8 19. Re5 f6 20. Re4 h5 21. Qd2 g5 22. Rae1 Rh7 23. Re6 h4 24. gxh4 Rxh4 25.
g3 Rh7 26. Bg2 Rdh8 27. Qe2 a6 28. Re8+ Ka7 29. Qe6 Qc7 30. Rxh8 Rxh8 31. Qxf6 Rh7 32.
Qxd4+ c5 33. Qd5 Qa5 34. Re5 Rc7 35. c3 Qa4 36. Qb3 Qd7 37. Qc4 Qd6 38. d4 Qg6 39.
Rxc5 Qb1+ 40. Bf1 Rh7 41. Rc7 Rh8 42. Qc5+ Kb8 43. Rg7 Rh1+ 44. Kxh1 Qxf1+ 45. Kh2 Qxf2+ 46. Kh3 Qf1+ 47. Kg4 Qe2+ 48. Kxg5 Qe3+ 49. Kh4 Qh6+ 50. Qh5 Qc1 51. Qe5+ Ka7 52. Rg6 Qh1+ 53. Kg4 Qd1+ 54. Kf5 Qc2+ 55. Kf6 Qf2+ 56. Qf4 Qxb2 57. d5 Qxa2 58.
Qe5 Qf2+ 59. Ke6 Qb6+ 60. d6 Qc6 61. Rg7 Qe8+ 62. Re7 Qg8+ 63. Kd7 Kb8 64. Re8+ Ka7 65. Rxg8 b5 66. Rg7 Kb6 67. Kd8 Ka5 68. Qd4 b4 69.
Qxb4# 1-0